 Dungeon Crawl Stone Soup version 0.22.1-6-g1668fe2c40 (webtiles) character file.

1140 LabCoat the Cudgeler (level 8, -1/60 HPs)
             Began as a Human Fighter on Jan 23, 2019.
             Was a Believer of Makhleb.
             Slain by an orc warrior
             ... wielding a +0 battleaxe
              (13 damage)
             ... on level 6 of the Dungeon.
             The game lasted 00:39:03 (5880 turns).

LabCoat the Cudgeler (Human Fighter)                Turns: 5880, Time: 00:39:04

Health: -1/60      AC: 15    Str: 17    XL:     8   Next: 63%
Magic:  10/10      EV:  3    Int:  8    God:    Makhleb [**....]
Gold:   309        SH: 11    Dex: 15    Spells: 7/7 levels left

rFire    . . .     SeeInvis .   a - +1 flail
rCold    . . .     Gourm    .   c - +1 shield
rNeg     . . .     Faith    .   b - +0 plate armour
rPois    .         Spirit   .   s - +0 helmet
rElec    .         Reflect  .   q - +0 cloak
rCorr    .         Harm     .   v - +0 pair of gloves
MR       +....                  (no boots)
Stlth    ..........             t - amulet of rage
HPRegen  0.20/turn              k - ring of protection from magic
MPRegen  0.12/turn              (no ring)

@: no status effects
A: no striking features
a: Minor Destruction, Renounce Religion, Evoke Berserk Rage


You were on level 6 of the Dungeon.
You worshipped Makhleb.
Makhleb was pleased with you.
You were not hungry.

You visited 1 branch of the dungeon, and saw 6 of its levels.

You collected 309 gold pieces.

Inventory:

Hand Weapons
 a - a +1 flail (weapon)
Missiles
 u - 29 sling bullets
 x - 20 bolts
Armour
 b - a +0 plate armour (worn)
 c - a +1 shield (worn)
 q - a +0 cloak (worn)
 s - a +0 helmet (worn)
 v - a +0 pair of gloves (worn)
Jewellery
 k - a ring of protection from magic (left hand)
 t - an amulet of rage (around neck)
Scrolls
 h - 4 scrolls of remove curse
 l - a scroll of enchant weapon
 r - a scroll of blinking
 w - a scroll of teleportation
Potions
 d - a potion of might
 e - a potion of haste
 g - a potion of magic {unknown}
 i - a potion of heal wounds
 j - a potion of agility
 m - a potion of flight {unknown}
 n - 6 potions of curing
 o - a potion of degeneration {unknown}
 p - a potion of mutation {unknown}
 z - a potion of ambrosia {unknown}
 A - a potion of berserk rage {unknown}
Comestibles
 f - 8 rations


   Skills:
 + Level 4.0 Fighting
 * Level 7.2 Maces & Flails
 + Level 3.9 Armour
 + Level 1.1 Dodging
 * Level 5.2 Shields
 * Level 2.9 Invocations


You had 7 spell levels left.
You didn't know any spells.
Your spell library contained the following spells:

 Spells                   Type           Power        Failure   Level  Hunger
 Beastly Appendage        Tmut           #.....       100%        1    ##.....
 Corona                   Hex            #......      100%        1    ##.....
 Flame Tongue             Conj/Fire      #....        100%        1    ##.....
 Ensorcelled Hibernation  Hex/Ice        #.....       100%        2    ###....
 Sticks to Snakes         Tmut           #.......     100%        2    ###....
 Throw Flame              Conj/Fire      #.....       100%        2    ###....
 Confuse                  Hex            #.......     100%        3    ####...
 Conjure Flame            Conj/Fire      #.......     100%        3    ####...
 Dazzling Spray           Conj/Hex       #.....       100%        3    ####...
 Inner Flame              Hex/Fire       #.......     100%        3    ####...
 Spider Form              Tmut/Pois      #.........   100%        3    ####...
 Tukima's Dance           Hex            #.......     100%        3    ####...
 Ice Form                 Ice/Tmut       #.......     100%        4    #####..
 Sticky Flame             Conj/Fire      #.......     100%        4    #####..
 Blade Hands              Tmut           #.........   100%        5    ######.
 Fireball                 Conj/Fire      #.........   100%        5    ######.


Dungeon Overview and Level Annotations

Branches:
Dungeon (6/15)             Temple (0/1) D:4

Altars:
Ashenzari
Cheibriados
Makhleb
Okawaru
Trog


Message History

The orc warrior barely misses you.
You hit the orc warrior but do no damage.
The orc warrior is heavily wounded.
The orc warrior hits you with a battleaxe!!
You sock the orc warrior!
The orc warrior is almost dead.
You block the orc warrior's attack.
You barely miss the orc warrior.
The orc warrior is almost dead.
You block the orc warrior's attack.
You hit the orc warrior but do no damage.
The orc warrior is almost dead.
The orc warrior hits you with a battleaxe!
* * * LOW HITPOINT WARNING * * *
You hit the orc warrior but do no damage.
The orc warrior is almost dead.
You closely miss the orc warrior.
The orc warrior is almost dead.
The orc warrior hits you with a battleaxe!
You die...

# ....... #
...... #
#.....
.≈≈≈≈≈# ....
.≈≈≈≈≈≈##...#
.≈≈≈≈≈≈≈##..
.≈≈≈≈≈≈≈≈#.#
.≈≈≈≈≈≈≈≈#@#
..≈≈≈≈≈≈≈#o#
#.....9..'.#
#........'.#
).≈≈≈≈≈≈≈###
.≈≈≈≈≈≈≈≈#
.≈≈≈≈≈≈≈≈#
.≈≈≈≈≈≈≈##
.≈≈≈≈≈≈##


You could see an orc warrior.

Vanquished Creatures
  A gargoyle (D:6)
  An ogre (D:5)
  A phantom (D:5)
  4 hounds
  3 bullfrog skeletons
  A centaur skeleton (D:5)
  An iron imp (D:5)
  2 orc priests (D:4)
  An orc wizard (D:4)
  Jessica (D:3)
  3 worker ants (D:4)
  A hound zombie (D:5)
  A worker ant zombie (D:6)
  Robin (D:3)
  10 adders
  An ooze (D:3)
  An adder skeleton (D:6)
  3 worms
  2 dart slugs (D:3)
  3 leopard geckos
  9 orcs
  7 bats
  5 giant cockroaches
  13 goblins
  14 hobgoblins
  3 jackals (D:3)
  9 kobolds
  2 ball pythons (D:2)
  4 frilled lizards
  A jackal skeleton (D:5)
  7 rats
116 creatures vanquished.

Notes
Turn   | Place    | Note
-------+----------+-------------------------------------------
     0 | D:1      | LabCoat the Human Fighter began the quest for the Orb.
     0 | D:1      | Reached XP level 1. HP: 18/18 MP: 1/1
   185 | D:1      | Reached XP level 2. HP: 24/24 MP: 2/2
   945 | D:1      | Reached XP level 3. HP: 29/29 MP: 3/3
  1408 | D:2      | Reached skill level 3 in Maces & Flails
  1413 | D:2      | Found a faded altar of an unknown god.
  1435 | D:2      | Reached XP level 4. HP: 32/35 MP: 4/4
  1832 | D:2      | Found a burning altar of Makhleb.
  1841 | D:2      | Reached XP level 5. HP: 14/41 MP: 5/5
  1848 | D:2      | Became a worshipper of Makhleb the Destroyer
  2074 | D:2      | Reached skill level 4 in Maces & Flails
  2585 | D:3      | Noticed Robin
  2593 | D:3      | Killed Robin
  2894 | D:3      | Noticed Jessica
  2917 | D:3      | Killed Jessica
  2917 | D:3      | Reached XP level 6. HP: 22/47 MP: 6/6
  3239 | D:3      | Reached * piety under Makhleb
  3878 | D:4      | Reached skill level 1 in Invocations
  4207 | D:4      | Reached skill level 5 in Maces & Flails
  4402 | D:4      | Reached XP level 7. HP: 52/52 MP: 8/8
  4457 | D:4      | Found a staircase to the Ecumenical Temple.
  4619 | D:4      | Reached skill level 1 in Dodging
  5067 | D:5      | Entered Level 5 of the Dungeon
  5338 | D:5      | Found a bloodstained altar of Trog.
  5339 | D:5      | Found an iron altar of Okawaru.
  5377 | D:5      | Reached ** piety under Makhleb
  5443 | D:5      | Reached skill level 6 in Maces & Flails
  5443 | D:5      | Reached XP level 8. HP: 52/60 MP: 9/9
  5655 | D:5      | Found a snail-covered altar of Cheibriados.
  5745 | D:6      | Found a shattered altar of Ashenzari.
  5845 | D:6      | Noticed a gargoyle
  5871 | D:6      | Killed a gargoyle
  5871 | D:6      | Reached skill level 7 in Maces & Flails
  5871 | D:6      | Reached skill level 5 in Shields
  5880 | D:6      | Slain by an orc warrior

Skill      XL: |  1  2  3  4  5  6  7  8 |
---------------+-------------------------+-----
Maces & Flails | 3 4 5 6 7 |  7.2
Shields        | 4 5 |  5.2
Invocations    | 1 2 |  2.9
Dodging        | 1 |  1.1
Fighting       | 4 |  4.0
Armour         | |  3.9

Action                   |  1- 3 |  4- 6 |  7- 9 || total
-------------------------+-------+-------+-------++-------
Melee: Flail             |   114 |   248 |   143 ||   505
  Use: Scroll            |     3 |     6 |     2 ||    11
       Potion            |       |       |     2 ||     2
  Eat: Chunk             |     1 |     7 |     4 ||    12
       Ration            |     1 |       |     1 ||     2
Armor: Scale mail        |    64 |    92 |       ||   156
       Plate armour      |       |     6 |    67 ||    73
       Chain mail        |       |     2 |       ||     2
Dodge: Dodged            |    28 |    71 |    19 ||   118
Block: Shield            |    59 |   101 |    69 ||   229
